Map: Ruins of Endion

Players

jaimaster - Winner!

  • Race: Protoss Protoss
  • League: Silver
  • Spawn Location: 5:00

Fropez

  • Race: Protoss Protoss
  • League: Silver
  • Spawn Location: 7:00

VOD

Have the link to the VOD?

Description

Time

  • Played on: May 4, 2016, 2:01 p.m.
  • Length: 10:35
Show
View Real Time Build Order
Export as new Build Order

jaimaster Protoss - Winner!

Build Orders:  

Get SALT Encoding   

  12  0:03  Probe (Chrono Boost)  
  13  0:13  Probe (Chrono Boost)  
  14  0:19  Pylon  
  14  0:24  Probe (Chrono Boost)  
  15  0:37  Probe (Chrono Boost)  
  15  0:39  Gateway  
  16  0:46  Assimilator  
  16  0:49  Probe (Chrono Boost)  
  17  1:00  Assimilator  
  17  1:05  Assimilator  
  17  1:12  Assimilator  
  17  1:13  Probe (Chrono Boost)  
  18  1:23  Probe (Chrono Boost)  
  19  1:28  Cybernetics Core  
  19  1:34  Probe (Chrono Boost)  
  20  1:44  Probe (Chrono Boost)  
  21  1:50  Pylon  
  21  1:55  Probe (Chrono Boost)  
  22  2:01  Gateway  
  22  2:03  Pylon  
  22  2:06  Warp Gate  
  22  2:11  Mothership Core (Chrono Boost)  
  24  2:22  Stalker  
  26  2:39  Probe (Chrono Boost), Robotics Facility  
  27  2:57  Stalker x2  
  31  3:28  Nexus  
  31  3:30  Pylon  
  31  4:02  Gateway  
  31  4:09  Gateway  
  31  4:17  Observer  
  31  4:19  Probe (Chrono Boost)  
  33  4:30  Probe (Chrono Boost)  
  34  4:39  Pylon  
  34  4:40  Probe (Chrono Boost)  
  34  4:43  Probe (Chrono Boost)  
  36  4:46  Assimilator  
  36  4:47  Stalker  
  36  4:51  Probe (Chrono Boost)  
  39  4:53  Probe (Chrono Boost)  
  40  5:01  Probe (Chrono Boost)  
  40  5:02  Twilight Council  
  40  5:04  Probe (Chrono Boost)  
  40  5:06  Gateway  
  42  5:12  Probe (Chrono Boost)  
  43  5:14  Probe (Chrono Boost)  
  44  5:23  Pylon, Probe (Chrono Boost)  
  44  5:24  Immortal  
  49  5:37  Probe x2 (Chrono Boost)  
  51  5:43  Forge  
  51  5:44  Stalker  
  51  5:47  Probe (Chrono Boost)  
  51  5:48  Probe (Chrono Boost)  
  55  5:50  Blink (Chrono Boost)  
  55  6:21  Dark Shrine  
  55  6:24  Immortal  
  59  6:25  Protoss Ground Weapons Level 1  
  59  6:28  Adept  
  59  6:30  Stalker x3  
  67  6:36  Probe  
  67  6:37  Probe  
  69  6:40  Assimilator  
  69  6:45  Stalker  
  71  6:55  Stalker x3  
  77  7:04  Pylon  
  77  7:05  Pylon  
  77  7:12  Probe  
  78  7:20  Probe  
  79  7:23  Stalker x4  
  79  7:25  Stalker  
  89  7:33  Probe  
  90  8:30  Dark Templar  
  90  8:31  Dark Templar x3  
  90  8:32  Dark Templar  
  92  8:43  Pylon  
  92  8:45  Pylon  
  92  8:47  Pylon  
  92  9:24  Stalker x2  
  92  9:25  Stalker x3  
Show
View Real Time Build Order
Export as new Build Order

Fropez Protoss 

Build Orders: 1 Gate Expand 

Get SALT Encoding   

  12  0:01  Probe (Chrono Boost)  
  13  0:18  Probe (Chrono Boost)  
  13  0:19  Pylon  
  14  0:29  Probe (Chrono Boost)  
  15  0:38  Gateway  
  15  0:42  Probe (Chrono Boost)  
  16  0:50  Pylon  
  16  0:52  Probe (Chrono Boost)  
  17  1:03  Probe (Chrono Boost)  
  18  1:13  Probe (Chrono Boost)  
  19  1:24  Probe (Chrono Boost)  
  20  1:29  Nexus  
  20  1:36  Zealot (Chrono Boost)  
  22  1:47  Gateway  
  22  1:50  Probe  
  23  1:56  Assimilator  
  23  2:01  Assimilator  
  23  2:02  Probe  
  24  2:09  Zealot (Chrono Boost)  
  24  2:14  Probe  
  27  2:24  Pylon  
  27  2:27  Probe  
  30  2:38  Zealot (Chrono Boost)  
  30  2:39  Probe  
  30  2:42  Zealot (Chrono Boost)  
  33  2:46  Pylon  
  33  2:49  Probe  
  33  2:51  Probe  
  35  3:05  Cybernetics Core  
  35  3:06  Probe  
  35  3:07  Probe  
  35  3:08  Gateway  
  35  3:18  Forge  
  35  3:19  Probe  
  36  3:23  Probe  
  37  3:30  Zealot (Chrono Boost)  
  37  3:32  Zealot (Chrono Boost)  
  43  3:41  Mothership Core  
  43  3:43  Probe, Warp Gate (Chrono Boost)  
  44  3:51  Pylon  
  44  3:55  Probe  
  44  4:00  Stalker  
  44  4:01  Stalker  
  49  4:10  Stalker  
  49  4:13  Probe  
  49  4:14  Probe  
  52  4:28  Probe x2  
  52  4:30  Stalker  
  56  4:36  Assimilator  
  56  4:46  Stalker  
  56  4:48  Protoss Ground Weapons Level 1 (Chrono Boost)  
  58  4:56  Assimilator  
  58  5:04  Stalker  
  58  5:06  Stalker  
  62  5:08  Probe x2  
  64  5:17  Pylon  
  64  5:21  Pylon  
  64  5:24  Probe  
  64  5:25  Probe  
  66  5:35  Probe  
  66  5:37  Probe  
  68  5:43  Twilight Council, Pylon  
  68  5:45  Probe  
  68  5:46  Pylon  
  70  5:50  Probe  
  70  6:06  Stalker  
  70  6:07  Probe, Stalker x2  
  70  6:08  Probe  
  78  6:11  Nexus  
  78  6:13  Assimilator  
  78  6:18  Probe, Assimilator  
  78  6:20  Pylon, Probe  
  78  6:25  Pylon  
  80  6:32  Probe, Blink (Chrono Boost)  
  81  6:33  Probe  
  82  6:47  Probe  
  82  6:48  Probe  
  82  6:50  Stalker x3  
  90  7:00  Probe x2  
  92  7:01  Templar Archives  
  92  7:08  Protoss Ground Weapons Level 2  
  92  7:10  Robotics Facility  
  92  7:12  Probe x2  
  94  7:24  Probe x2  
  96  7:34  Probe  
  96  7:37  Psionic Storm  
  97  7:39  Probe  
  97  7:41  Probe  
  99  7:44  Probe  
  99  7:45  Zealot x3  
  106  8:05  Immortal (Chrono Boost)  
  106  8:08  Zealot x3  
  86  8:28  Photon Cannon  
  86  8:29  Photon Cannon  
  86  8:30  Pylon  
  84  8:38  High Templar x3  
  80  8:42  Immortal (Chrono Boost)  
  80  8:46  Archon  
  84  8:49  Mothership Core  
  84  8:50  Probe  
  85  9:02  Probe  
  82  9:11  Probe  
  82  9:14  Probe  
  82  9:16  Gateway  
  84  9:18  Gateway  
  84  9:19  Gateway  
  84  9:21  Pylon, Gateway, Immortal (Chrono Boost)  
  84  9:23  Pylon  
  88  9:25  Pylon  
  88  9:29  Stalker x2  
  88  9:30  Zealot  
  68  9:58  Observer (Chrono Boost)  
  53  10:00  Mothership Core  
  53  10:02  Zealot x3  
  43  10:21  Stalker x3  
Tags
 
Matchup
PvP
Replay Pack
All Mines
Spawn Locations
Close Positions
Add a new tag
Caveats
  • Supply blocks, unpowered buildings, or Contaminate may cause inaccurate times.
  • Supply counts are checked every 10 seconds.